 Dungeon Crawl Stone Soup version 0.31.0-32-g396128a36d (webtiles) character file.

Game seed: 17483618063081299147

422 Yehuk the Trooper (level 6, -2/41 HPs)
             Began as a Gargoyle Monk on Mar 23, 2024.
             Was a Believer of Okawaru.
             Slain by a gnoll
             ... wielding a +0 spear
              (4 damage)
             ... on level 4 of the Dungeon.
             The game lasted 00:02:30 (3055 turns).

Yehuk the Trooper (Gargoyle Monk)                   Turns: 3055, Time: 00:02:30

Health: -2/41      AC: 17    Str: 17    XL:     6   Next: 95%
Magic:  6/6        EV:  8    Int: 10    God:    Okawaru [**....]
Gold:   237        SH:  0    Dex: 12    Spells: 5/5 levels left

rFire   . . .        r - +0 flail
rCold   . . .        d - orb {light}
rNeg    + + .        p - +3 chain mail of Okawaru's Inspiration {+Inv rN+}
rPois   ∞            (no helmet)
rElec   +            a - +0 cloak
rCorr   .            (no gloves)
SInv    .            (no boots)
Will    .....        (no amulet) Stlth
                     (no ring)
HPRegen 0.26/turn    (no ring)
MPRegen 0.10/turn

%: no passive effects
@: glowing
A: sickness immunity, AC +4, negative energy resistance 1, electricity
resistance, torment resistance 1, petrification resistance
a: Renounce Religion, Evoke Invisibility, Heroism


You were on level 4 of the Dungeon.
You worshipped Okawaru.
Okawaru was pleased with you.
You visited 1 branch of the dungeon, and saw 4 of its levels.

You collected 237 gold pieces.

Inventory:

Hand Weapons
 r - a +0 flail (weapon)
Armour
 a - a +0 cloak (worn)
 d - an orb of light (worn)
 p - the +3 chain mail of Okawaru's Inspiration (worn) {+Inv rN+}
   (You found it on level 2 of the Dungeon)

   rN+:       It protects you from negative energy.
   +Inv:      It lets you turn invisible.
Jewellery
 m - a ring of fire
 y - a ring of resist corrosion
Wands
 s - a wand of roots (7)
Scrolls
 f - a scroll of noise {unknown}
 g - a scroll of enchant armour {unknown}
 l - a scroll of fog {unknown}
 n - 3 scrolls of identify {unknown}
 o - a scroll of vulnerability {unknown}
 u - a scroll of poison {unknown}
 w - 2 scrolls of teleportation {unknown}
 x - a scroll of immolation {unknown}
Potions
 b - 2 potions of lignification {unknown}
 c - a potion of ambrosia
 e - 2 potions of haste {unknown}
 h - a potion of mutation {unknown}
 i - a potion of heal wounds {unknown}
 j - a potion of might {unknown}
 k - a potion of magic {unknown}
 q - 3 potions of curing {unknown}
 t - a potion of brilliance {unknown}
 v - a potion of attraction {unknown}


   Skills:
 * Level 5.7 Fighting
 + Level 4.2 Maces & Flails
 + Level 3.0 Armour
 + Level 3.4 Dodging
 + Level 1.1 Invocations


You had 5 spell levels left.
You didn't know any spells.
Your spell library contained the following spells:

 Spells                   Type           Power      Damage    Failure   Level
 Slow                     Hex            0%         N/A       99%         1
 Sting                    Conj/Alch      0%         1d3       99%         1
 Mercury Vapours          Alch/Air       0%         N/A       99%         2
 Confusing Touch          Hex            0%         N/A       100%        3
 Hailstorm                Conj/Ice       0%         3d5       100%        3
 Sigil of Binding         Hex            0%         N/A       100%        3
 Vampiric Draining        Necr           0%         2d6       100%        3
 Olgreb's Toxic Radiance  Alch           0%         N/A       100%        4
 Eringya's Noxious Bog    Alch           0%         4d6       100%        6
 Summon Ice Beast         Ice/Summ       Unusable   N/A       N/A         3
 Summon Forest            Summ/Tloc      Unusable   N/A       N/A         5
 Sculpt Simulacrum        Ice/Alch       Unusable   N/A       N/A         6
 Summon Hydra             Summ           Unusable   N/A       N/A         7

Dungeon Overview and Level Annotations

Branches:
Dungeon (4/15)
 Temple: D:4-7

Altars:
Okawaru
The Shining One


Innate Abilities, Weirdness & Mutations

You are immune to sickness and miasma.
Your stone body is resilient. (AC +4)
You are immune to poison.
You resist negative energy. (rN+)
You are resistant to electric shocks. (rElec)
You are resistant to unholy torment.
You are immune to petrification.


Message History

You hit the gnoll.
The gnoll is severely wounded.
The gnoll closely misses you. The gnoll hits you but does no damage.
You hit the gnoll but do no damage.
The gnoll is severely wounded.
The gnoll hits you with a +0 whip. The gnoll hits you but does no damage.
You barely miss the gnoll.
The gnoll is severely wounded.
The gnoll hits you but does no damage.
The gnoll hits you from afar with a +0 spear!
You are too injured to fight recklessly!
You are too injured to fight recklessly!
You are too injured to fight recklessly!
You are too injured to fight recklessly!
You are too injured to fight recklessly!
You are too injured to fight recklessly!
You are too injured to fight recklessly!
You are too injured to fight recklessly!
You are too injured to fight recklessly!
You are too injured to fight recklessly!
You are too injured to fight recklessly!
You are too injured to fight recklessly!
You are too injured to fight recklessly!
You are too injured to fight recklessly!
Unknown command.
You hit the gnoll but do no damage.
The gnoll is severely wounded.
The gnoll hits you but does no damage. The gnoll barely misses you.
The gnoll hits you with a +0 whip! The gnoll hits you but does no damage.
You hit the gnoll but do no damage.
The gnoll is severely wounded.
The gnoll hits you with a +0 whip.
* * * LOW HITPOINT WARNING * * *
The gnoll hits you but does no damage.
You barely miss the gnoll.
The gnoll is severely wounded.
The gnoll hits you with a +0 whip.
* * * LOW HITPOINT WARNING * * *
The gnoll hits you from afar with a +0 spear.
You die...

#.# #.### ###
#.#.. ... #.#.#
#.. #.#.### #.#
#.#....>.###g#
#.#.# #...g)#
####.#.# #@#
##....#.#
#.#####.#
........#####
##>......#
##.####.....#
#..$.....# ##.#
#####.#
#.######## ##.#
#.# #.# ##.# #.#
#.# ##.# #.# #.#
##.########.###.#


You could see 2 gnolls.

Vanquished Creatures
  Sigmund (D:3)
  A water moccasin (D:3)
  A bombardier beetle (D:3)
  Crazy Yiuf (D:3)
  2 gnolls
  2 ribbon worms (D:2)
  5 dart slugs
  2 orcs (D:3)
  2 ball pythons
  6 endoplasms
  4 giant cockroaches
  10 hobgoblins
  3 jackals (D:2)
  3 quokkas
  2 bats
  6 frilled lizards
  4 goblins (D:1)
  11 kobolds
  5 rats
71 creatures vanquished.

Notes
Turn   | Place    | Note
-------+----------+-------------------------------------------
     0 | D:1      | Yehuk the Gargoyle Monk began the quest for the Orb.
     0 | D:1      | Reached XP level 1. HP: 14/14 MP: 1/1
   182 | D:1      | Reached XP level 2. HP: 19/19 MP: 2/2
   593 | D:1      | Reached skill level 1 in Armour
   731 | D:1      | Reached XP level 3. HP: 23/24 MP: 3/3
   936 | D:1      | Reached skill level 4 in Fighting
  1326 | D:2      | Identified the +3 chain mail of Okawaru's Inspiration {+Inv
                  | rN+}
  1578 | D:2      | Reached XP level 4. HP: 22/29 MP: 4/4
  1803 | D:3      | Found a runed translucent door.
  1804 | D:3      | Noticed Crazy Yiuf
  1810 | D:3      | HP: 1/29 [Crazy Yiuf/+3 quarterstaff of chaos (4)]
  1812 | D:3      | Killed Crazy Yiuf
  1975 | D:3      | Noticed Sigmund
  1997 | D:3      | Killed Sigmund
  1998 | D:3      | Reached skill level 5 in Fighting
  1998 | D:3      | Reached XP level 5. HP: 14/35 MP: 5/5
  1998 | D:3      | Reached XP level 6. HP: 16/40 MP: 6/6
  2130 | D:3      | Found an iron altar of Okawaru.
  2163 | D:3      | Became a worshipper of Warmaster Okawaru
  2163 | D:3      | Reached * piety under Okawaru
  2163 | D:3      | Reached ** piety under Okawaru
  2582 | D:3      | Noticed a water moccasin
  2589 | D:3      | Killed a water moccasin
  2590 | D:3      | Reached skill level 1 in Invocations
  2876 | D:4      | Found a glowing golden altar of the Shining One.
  3055 | D:4      | HP: 2/41 [gnoll/+0 whip (6)]
  3055 | D:4      | Slain by a gnoll

Illustrated notes

Levels and vault maps discovered:
D:1:      erik_arrival_cave_to_civilisation [erik_arrival_cave_to_hall],
          layout_basic, dk_noncrumbling_3
D:2:      layout_rooms, minmay_heptomino_d4
D:3:      layout_loops_cross, mainiacjoe_overflow_24_doors,
          mrwooster_statue_mirror, minmay_surrounded, uniq_crazy_yiuf_cottage,
          uniq_sigmund
D:4:      minmay_chambers_of_threes, layout_loops_ring,
          lemuel_coloured_pillars_altar, mainiacjoe_overflow_tiny_flanked

Skill      XL: |  1  2  3  4  5  6 |
---------------+-------------------+-----
Armour         | 1 2 3 |  3.0
Fighting       | 4 5 |  5.7
Maces & Flails | 4 |  4.2
Dodging        | 3 |  3.4
Invocations    | 1 |  1.1

Action                     |  1- 3 |  4- 6 || total
---------------------------+-------+-------++-------
  Melee: Mace              |   139 |     5 ||   144
         Flail             |       |   102 ||   102
 Armour: Robe              |    61 |       ||    61
         Chain mail        |    23 |    86 ||   109
  Dodge: Dodged            |    77 |    44 ||   121
